Map: Odyssey LE

Players

TerranImba

  • Race: Protoss Protoss
  • League: Master
  • Spawn Location: 11:00

SortOf - Winner!

  • Race: Zerg Zerg
  • League: Master
  • Spawn Location: 5:00

VOD

Have the link to the VOD?

Description

Time

  • Played on: May 21, 2017, 6:10 p.m.
  • Length: 9:47
Show
View Real Time Build Order
Export as new Build Order

TerranImba Protoss 

Build Orders: 1 Gate Expand, Zealot Archon, Dark Templar Rush 

Get SALT Encoding   

  12  0:01  Probe (Chrono Boost)  
  13  0:11  Probe (Chrono Boost)  
  14  0:19  Pylon  
  14  0:22  Probe (Chrono Boost)  
  15  0:37  Probe (Chrono Boost)  
  15  0:38  Gateway  
  16  0:46  Assimilator  
  16  0:48  Probe (Chrono Boost)  
  17  1:00  Probe (Chrono Boost)  
  18  1:18  Nexus  
  18  1:22  Probe (Chrono Boost)  
  19  1:30  Cybernetics Core  
  19  1:34  Probe (Chrono Boost)  
  20  1:45  Probe (Chrono Boost)  
  21  1:47  Assimilator  
  21  1:50  Pylon  
  21  1:57  Probe (Chrono Boost)  
  22  2:05  Adept  
  24  2:10  Warp Gate  
  24  2:13  Probe (Chrono Boost)  
  25  2:25  Probe (Chrono Boost)  
  25  2:32  Probe (Chrono Boost)  
  25  2:33  Twilight Council  
  25  2:35  Adept  
  25  2:36  Probe (Chrono Boost)  
  29  2:43  Probe (Chrono Boost)  
  30  2:47  Probe (Chrono Boost)  
  31  2:53  Probe (Chrono Boost)  
  31  2:57  Probe (Chrono Boost)  
  31  2:58  Robotics Facility  
  33  3:04  Probe (Chrono Boost)  
  34  3:08  Probe (Chrono Boost)  
  35  3:14  Probe (Chrono Boost)  
  35  3:17  Gateway  
  35  3:19  Probe (Chrono Boost)  
  37  3:25  Gateway, Probe (Chrono Boost)  
  38  3:33  Probe (Chrono Boost)  
  39  3:35  Dark Shrine  
  39  3:37  Assimilator  
  39  3:42  Assimilator  
  39  3:43  Warp Prism  
  39  3:45  Probe (Chrono Boost)  
  40  3:51  Probe (Chrono Boost)  
  45  3:59  Mothership Core (Chrono Boost)  
  45  4:01  Probe (Chrono Boost)  
  46  4:02  Pylon  
  46  4:15  Pylon  
  46  4:17  Warp Prism  
  46  4:21  Probe (Chrono Boost)  
  46  4:22  Probe (Chrono Boost)  
  51  4:31  Probe (Chrono Boost)  
  51  4:34  Probe (Chrono Boost)  
  52  4:42  Probe (Chrono Boost)  
  53  4:46  Nexus  
  53  4:48  Dark Templar x2  
  57  4:52  Dark Templar  
  57  4:58  Probe (Chrono Boost)  
  61  5:00  Probe (Chrono Boost)  
  61  5:02  Pylon  
  61  5:06  Pylon  
  61  5:09  Probe (Chrono Boost)  
  61  5:13  Forge  
  62  5:21  Probe (Chrono Boost)  
  64  5:22  Probe (Chrono Boost)  
  64  5:31  Probe (Chrono Boost)  
  64  5:33  Dark Templar x3  
  64  5:34  Probe (Chrono Boost)  
  73  5:43  Probe (Chrono Boost)  
  73  5:46  Gateway  
  73  5:47  Gateway  
  73  5:48  Probe (Chrono Boost)  
  73  5:49  Gateway  
  74  5:59  Immortal  
  74  6:01  Probe x2 (Chrono Boost)  
  74  6:02  Probe (Chrono Boost)  
  81  6:08  Protoss Ground Weapons Level 1  
  81  6:10  Charge  
  82  6:11  Probe (Chrono Boost)  
  80  6:26  Assimilator, Probe (Chrono Boost)  
  80  6:27  Assimilator, Probe x2 (Chrono Boost)  
  80  6:31  Templar Archives  
  81  6:32  Dark Templar  
  81  6:33  Dark Templar x2  
  81  6:38  Archon x2, Probe (Chrono Boost)  
  81  6:39  Probe (Chrono Boost)  
  89  6:41  Probe (Chrono Boost)  
  90  6:51  Probe x2 (Chrono Boost)  
  90  6:52  Probe (Chrono Boost)  
  92  7:03  Probe x2 (Chrono Boost)  
  92  7:05  Gateway x2  
  92  7:07  Gateway  
  93  7:09  Pylon  
  93  7:12  Probe (Chrono Boost)  
  93  7:15  Probe (Chrono Boost)  
  93  7:24  Pylon  
  93  7:25  Pylon x3  
  93  7:27  Probe (Chrono Boost)  
  93  7:29  Probe (Chrono Boost)  
  85  7:35  Photon Cannon, Probe (Chrono Boost)  
  86  7:38  Photon Cannon  
  86  7:40  Immortal  
  90  7:45  Dark Templar  
  90  7:46  Dark Templar x2  
  90  7:51  Nexus, Psionic Storm  
  96  8:01  Resonating Glaives  
  96  8:02  Pylon  
  96  8:03  Sentry x3  
  102  8:11  Adept x3  
  109  8:14  Probe (Chrono Boost)  
  99  8:21  Warp Prism  
  99  8:23  Stalker x2  
  99  8:27  Zealot x4  
  107  8:31  Assimilator  
  113  8:46  Zealot x3  
  113  8:47  Zealot x4  
  128  8:50  Probe (Chrono Boost)  
  128  8:57  Sentry x2, Pylon  
  128  8:58  Pylon  
  130  9:10  Photon Cannon  
  130  9:12  Photon Cannon  
  130  9:13  Zealot x3  
  130  9:14  Zealot  
  118  9:18  Zealot x3  
  120  9:24  Zealot  
  120  9:25  Zealot  
  108  9:36  Zealot x3  
Show
View Real Time Build Order
Export as new Build Order

SortOf Zerg - Winner!

Build Orders: Hatch First 

Get SALT Encoding   

  12  0:01  Drone  
  13  0:13  Overlord  
  13  0:16  Drone  
  14  0:31  Drone x2  
  17  0:35  Drone  
  17  0:52  Hatchery  
  17  0:55  Drone  
  17  0:58  Drone  
  18  1:09  Extractor  
  17  1:13  Spawning Pool  
  17  1:16  Drone  
  17  1:19  Drone  
  18  1:29  Drone  
  19  1:39  Overlord  
  19  1:59  Queen  
  22  2:01  Zergling x4  
  22  2:04  Queen  
  22  2:05  Drone  
  26  2:14  Metabolic Boost, Drone  
  27  2:17  Drone  
  28  2:24  Drone  
  28  2:28  Drone  
  30  2:33  Drone  
  30  2:37  Drone  
  32  2:44  Hatchery  
  32  2:50  Overlord  
  31  2:52  Drone  
  31  2:55  Drone  
  33  3:00  Pneumatized Carapace  
  33  3:08  Drone x3  
  33  3:12  Drone x2  
  38  3:16  Overlord  
  38  3:20  Zergling x4  
  40  3:27  Drone  
  40  3:30  Drone x2  
  43  3:34  Queen  
  43  3:37  Evolution Chamber  
  43  3:41  Drone x2  
  45  3:43  Drone x2  
  48  3:49  Drone  
  48  3:53  Lair  
  49  3:57  Drone x4  
  49  4:02  Drone  
  54  4:05  Zerg Melee Weapons Level 1  
  54  4:06  Extractor  
  54  4:07  Extractor  
  54  4:09  Drone x2  
  54  4:14  Drone  
  54  4:15  Extractor, Queen  
  56  4:21  Overlord  
  56  4:23  Spore Crawler x2  
  54  4:30  Spore Crawler  
  53  4:35  Zergling x10  
  58  4:43  Zergling x6  
  60  4:50  Queen  
  60  4:52  Zergling x6  
  65  4:53  Hydralisk Den  
  65  4:54  Overseer  
  65  4:59  Overlord  
  64  5:03  Overlord, Drone  
  65  5:11  Overlord  
  65  5:19  Drone x2  
  65  5:20  Drone x5  
  72  5:26  Muscular Augments  
  71  5:33  Hydralisk x2  
  73  5:36  Hydralisk  
  73  5:42  Hydralisk x2  
  74  5:49  Hydralisk x2  
  82  5:52  Drone x2  
  82  5:53  Drone  
  84  5:57  Drone  
  84  6:01  Hydralisk x2  
  82  6:14  Hydralisk  
  82  6:15  Hydralisk  
  85  6:21  Queen  
  85  6:22  Drone x2  
  85  6:25  Overseer  
  88  6:26  Drone  
  88  6:27  Overlord  
  88  6:29  Baneling Nest  
  88  6:31  Overlord  
  88  6:34  Overlord  
  88  6:35  Drone  
  88  6:38  Overlord  
  89  6:49  Drone x5  
  94  6:54  Drone  
  94  6:57  Drone x2  
  94  6:59  Drone x2  
  94  7:01  Zerg Melee Weapons Level 2  
  98  7:05  Drone  
  99  7:11  Hatchery  
  99  7:12  Drone  
  99  7:14  Drone x6  
  103  7:20  Extractor, Centrifical Hooks  
  103  7:21  Extractor  
  101  7:24  Overlord  
  101  7:29  Hydralisk x3  
  108  7:44  Hatchery  
  108  7:49  Drone x2  
  108  7:50  Drone x7  
  116  7:58  Hydralisk x3  
  116  8:03  Overlord  
  122  8:05  Hydralisk  
  122  8:06  Hydralisk x2, Zergling x2  
  122  8:07  Overlord  
  122  8:12  Overlord  
  129  8:17  Overlord  
  129  8:20  Overlord  
  129  8:23  Hydralisk x6  
  141  8:34  Zergling x8  
  142  8:38  Hydralisk  
  142  8:39  Hydralisk x3  
  153  8:44  Zergling x2  
  153  8:45  Zergling x4, Drone  
  153  8:47  Queen  
  159  8:51  Baneling x8, Overseer  
  159  8:53  Overlord  
  159  8:54  Zergling x10  
  164  9:03  Zergling x2  
  164  9:04  Zergling x14  
  172  9:15  Zergling x12  
  172  9:16  Baneling x4  
  174  9:24  Zergling x16  
  179  9:46  Infestation Pit  
Tags
 
Add a new tag
Caveats
  • Supply blocks, unpowered buildings, or Contaminate may cause inaccurate times.
  • Supply counts are checked every 10 seconds.